 Dungeon Crawl Stone Soup version 0.18.1-1-g2f07953 (webtiles) character file.

425 MTVSty1e the Covered (level 6, -2/56 HPs)
             Began as a Minotaur Fighter on May 6, 2016.
             Engulfed by a cloud of flame (11 damage)
             ... in a sewer.
             The game lasted 00:09:41 (2877 turns).

MTVSty1e the Covered (Minotaur Fighter)             Turns: 2877, Time: 00:09:41

Health: -2/56      AC:  9    Str: 23    XL:     6   Next: 64%
Magic:  5/5        EV: 11    Int:  5    God:
Gold:   150        SH:  0    Dex:  9    Spells: 0 memorised, 5 levels left

rFire  . . .     SeeInvis .     n - +4 quarterstaff (chaos)
rCold  . . .     Gourm    .     b - +0 scale mail
rNeg   . . .     Faith    .     (shield currently unavailable)
rPois  .         Spirit   .     (helmet restricted)
rElec  .         Dismiss  .     o - +1 cloak
rCorr  .         Reflect  .     (no gloves)
SustAt .         Harm     .     (no boots)
MR     .....                    (no amulet)
Stlth  ..........               (no ring)
                                (no ring)

@: not resistant to hostile enchantments, extremely unstealthy
A: retaliatory headbutt, horns 2
a: no special abilities


You were in a sewer.
You were not hungry.

You visited 1 branch of the dungeon, and saw 4 of its levels.
You also visited: Sewer.

You collected 150 gold pieces.

Inventory:

Hand Weapons
 a - a +0 war axe
 n - a +4 quarterstaff of chaos (weapon)
Armour
 b - a +0 scale mail (worn)
 c - a +0 shield
 o - a +1 cloak (worn)
Scrolls
 g - a scroll of blinking
 i - a scroll of identify
 l - 2 scrolls of remove curse
 r - 2 scrolls of enchant armour
Potions
 d - a potion of might
 e - 4 potions of curing
 h - 3 potions of heal wounds
 j - a potion of cure mutation {unknown}
 p - 2 potions of degeneration {unknown}
Comestibles
 k - a meat ration
 q - a beef jerky


   Skills:
 * Level 5.3 Fighting
 + Level 3.3 Axes
 * Level 2.5 Staves
 + Level 5.5 Armour
 + Level 3.1 Dodging
 + Level 4.6 Shields


You had 5 spell levels left.
You didn't know any spells.

Dungeon Overview and Level Annotations

Branches:
Dungeon (4/15)
 Temple: D:4-7

Altars:
Elyvilon


Innate Abilities, Weirdness & Mutations

You reflexively headbutt those who attack you in melee.
You have a pair of horns on your head.


Message History

You see here a short sword.
There is an open door, spattered with blood here.
You see here 2 stones.
You see here 4 stones.
You see here a stone.
You see here a rat corpse.
A rat comes into view.
As you read the scroll labeled ANNUDE ETANUG, it crumbles to dust.
The creatures around you are filled with an inner flame!
It was a scroll of immolation. 2 rats come into view.
A rat comes into view.
You sock the rat!
The rat explodes!
The fiery explosion engulfs you!
You are engulfed in roaring flames.
You are engulfed in roaring flames.
* * * LOW HITPOINT WARNING * * *
An adder comes into view.
You are engulfed in roaring flames.
You die...

##### ##### ##..∩# ### ##
#∩..#####..### ##...#
.######...##..#####.r....
...#####.......##§§r.....
...†.##.........@§§r.....
..†.............§.§......
≈......................≈.
≈.≈≈≈...≈≈...........≈.≈≈
≈≈≈≈≈≈≈≈≈≈.≈......≈..≈≈≈≈
≈≈≈≈≈≈≈≈≈≈≈.≈..≈.≈≈≈≈≈≈≈≈
≈≈≈≈≈≈≈≈≈≈≈S≈≈≈≈≈≈≈≈≈≈≈≈≈
≈≈≈≈≈≈≈≈≈≈≈≈≈≈≈≈≈≈≈≈≈≈≈≈≈
≈≈≈≈≈≈≈≈≈≈...≈.≈≈.≈


You could see an adder (wandering) and 3 rats.

Vanquished Creatures
  A big kobold (Sewer)
  Crazy Yiuf (D:2)
  2 orc priests (D:3)
  An orc wizard (D:3)
  Ijyb (D:2)
  Robin (D:2)
  3 adders (D:3)
  4 gnolls (D:2)
  2 river rats (Sewer)
  4 worms
  4 dart slugs
  A giant gecko (D:2)
  3 orcs (D:3)
  5 ball pythons
  3 bats
  4 giant cockroaches
  17 goblins
  9 hobgoblins
  10 jackals (D:1)
  3 quokkas
  3 giant newts
  10 kobolds
  8 rats
  2 fungi (D:2)
102 creatures vanquished.

Notes
Turn   | Place    | Note
--------------------------------------------------------------
     0 | D:1      | MTVSty1e the Minotaur Fighter began the quest for the Orb.
     0 | D:1      | Reached XP level 1. HP: 19/19 MP: 0/0
   129 | D:1      | Reached skill level 1 in Dodging
   129 | D:1      | Reached XP level 2. HP: 20/27 MP: 1/1
   540 | D:1      | Reached XP level 3. HP: 33/33 MP: 2/2
   882 | D:2      | Found a white marble altar of Elyvilon.
   903 | D:2      | Noticed Robin
   929 | D:2      | Reached XP level 4. HP: 39/40 MP: 3/3
   937 | D:2      | Killed Robin
  1113 | D:2      | Noticed Crazy Yiuf
  1124 | D:2      | Killed Crazy Yiuf
  1283 | D:2      | Reached XP level 5. HP: 4/47 MP: 4/4
  1837 | D:2      | Noticed Ijyb
  1846 | D:2      | Killed Ijyb
  1846 | D:2      | Reached skill level 1 in Staves
  2214 | D:3      | Reached skill level 5 in Armour
  2218 | D:3      | Reached XP level 6. HP: 52/55 MP: 5/5
  2258 | D:3      | Reached skill level 5 in Fighting
  2669 | D:4      | Found a glowing drain.
  2697 | Sewer    | Entered a sewer
  2877 | Sewer    | Engulfed by a cloud of flame

Skill      XL: |  1  2  3  4  5  6 |
---------------+-------------------+-----
Dodging        | 1 2 3 |  3.1
Fighting       | 4 5 |  5.3
Armour         | 4 5 |  5.5
Shields        | 4 |  4.6
Axes           | 3 |  3.3
Staves         | 1 2 |  2.5

Action                   |  1- 3 |  4- 6 || total
-------------------------+-------+-------++-------
Melee: War axe           |   107 |    27 ||   134
       Headbutt          |    11 |    20 ||    31
       Quarterstaff      |       |   123 ||   123
  Use: Scroll            |     1 |    10 ||    11
       Potion            |       |     1 ||     1
  Eat: Bread ration      |       |     2 ||     2
Armor: Scale mail        |    32 |    69 ||   101
Dodge: Dodged            |    38 |    73 ||   111
Block: Shield            |    58 |     7 ||    65
